 Dungeon Crawl Stone Soup version 0.24-a0-341-g52ca42d3ec (webtiles) character file.

Game seed: 9266452861435932924

17062 Inarius the Spear-Bearer (level 12, 0/104 HPs)
             Began as a Centaur Fighter on May 20, 2019.
             Was a Plaything of Xom.
             Hit by a javelin thrown by a minotaur (29 damage)
             ... in a Gauntlet.
             The game lasted 00:26:33 (13277 turns).

Inarius the Spear-Bearer (Centaur Fighter)         Turns: 13277, Time: 00:26:34

Health: 0/104      AC: 13    Str: 29    XL:     12   Next: 15%
Magic:  16/16      EV:  8    Int:  9    God:    Xom [..*...]
Gold:   582        SH: 16    Dex: 11    Spells: 11/11 levels left

rFire    + + +     SeeInvis .   a - +5 spear
rCold    x x x     Gourm    .   c - +0 shield
rNeg     . . .     Faith    .   H - +0 troll leather armour
rPois    +         Spirit   .   (helmet restricted)
rElec    +         Reflect  +   E - +0 cloak
rCorr    .         Harm     .   A - +1 pair of gloves
MR       .....     NoTele   +   (no barding)
Stlth    +.........             G - amulet "Haefibb" {Reflect rPois rF+ Dex-4 SH+5}
HPRegen  0.67/turn              M - ring of protection from fire
MPRegen  0.15/turn              F - ring "Qucsoig" {rElec rF- rC- Str+6 Dex+5}

@: immune to fire clouds (expiring), very quick
A: large, antennae 1, hooves 3, slimy green scales 1, yellow scales 1, blink,
clever 1, deformed body, speed 2, tough skin 3
a: Blink, Renounce Religion


You were in a Gauntlet.
You worshipped Xom.
You were a toy of Xom.
You were not hungry.

You visited 2 branches of the dungeon, and saw 13 of its levels.
You also visited: Gauntlet.

You collected 705 gold pieces.
You spent 123 gold pieces at shops.

Inventory:

Hand Weapons
 a - a +5 spear (weapon)
 K - a +0 trident
Armour
 c - a +0 shield (worn)
 m - a +0 helmet of intelligence
 s - the +2 cloak of the Tired Seas {rF++ MR- rCorr, unknown}
   (You found it in a Gauntlet)

   It greatly protects you from fire.
   It affects your resistance to hostile enchantments.
   It provides partial protection from all sources of acid and corrosion.
 x - a +0 chain mail
 A - a +1 pair of gloves (worn)
 E - a +0 cloak (worn)
 H - a +0 troll leather armour (worn)
Jewellery
 q - an uncursed ring of see invisible
 u - a +5 ring of dexterity
 F - the ring "Qucsoig" (right hand) {rElec rF- rC- Str+6 Dex+5}
   (You found it in a Gauntlet)

   [ring of dexterity]

   It affects your strength (+6).
   It affects your dexterity (+5).
   It makes you vulnerable to fire.
   It makes you vulnerable to cold.
   It insulates you from electricity.
 G - the amulet "Haefibb" (around neck) {Reflect rPois rF+ Dex-4 SH+5}
   (You found it on level 7 of the Dungeon)

   [amulet of reflection]

   It shields you and reflects attacks.
   It affects your dexterity (-4).
   It protects you from fire.
   It protects you from poison.
   It affects your SH (+5).
 M - a ring of protection from fire (left hand)
Wands
 b - a wand of polymorph (3)
 L - a wand of random effects (24)
 P - a wand of enslavement (11)
Scrolls
 d - a scroll of amnesia {unknown}
 e - 4 scrolls of enchant armour
 j - a scroll of fog {unknown}
 k - 3 scrolls of remove curse
 n - 5 scrolls of blinking
 o - 4 scrolls of teleportation
 p - 2 scrolls of fear
 w - a scroll of immolation {unknown}
 y - 2 scrolls of enchant weapon
 J - a scroll of noise {unknown}
Potions
 g - 3 potions of curing
 h - 3 potions of lignification
 i - 5 potions of heal wounds
 r - a potion of resistance
 t - a potion of magic
 v - 2 potions of ambrosia
 z - a potion of invisibility {unknown}
 B - 2 potions of berserk rage {unknown}
 C - 2 potions of mutation
 D - 3 potions of cancellation
 I - a potion of experience {unknown}
Comestibles
 f - 23 rations


   Skills:
 * Level 9.2 Fighting
 * Level 12.2 Polearms
 + Level 4.9 Armour
 - Level 0.9 Dodging
 + Level 2.2 Stealth
 + Level 6.3 Shields
 * Level 5.7 Evocations


You had 11 spell levels left.
You didn't know any spells.
Your spell library contained the following spells:

 Spells                   Type           Power        Failure   Level  Hunger
 Ignite Poison            Fire/Tmut/Pois #.......     93%         3    ####...
 Bolt of Magma            Conj/Fire/Erth #.........   100%        5    ######.
 Fireball                 Conj/Fire      #.........   100%        5    ######.
 Iskenderun's Battlesphe  Conj/Chrm      #.......     100%        5    ######.
 Venom Bolt               Conj/Pois      #.........   100%        5    ######.
 Bolt of Fire             Conj/Fire      #.........   100%        6    #######
 Iron Shot                Conj/Erth      #.........   100%        6    #######
 Orb of Destruction       Conj           #.........   100%        7    #######
 Ring of Flames           Chrm/Fire      #.........   100%        7    #######
 Spellforged Servitor     Conj/Summ      #.........   100%        7    #######
 Ignition                 Fire           #.........   100%        8    #######


Dungeon Overview and Level Annotations

Branches:
Dungeon (11/15)            Temple (0/1) D:7            Lair (2/6) D:11
  Swamp: Lair:2-4    Shoals: Lair:2-4     Snake: Lair:2-4    Spider: Lair:2-4
    Orc: D:9-12

Altars:
Fedhas
Gozag
Hepliaklqana
Kikubaaqudgha
Makhleb
Okawaru
Ru
Uskayaw
Wu Jian
Xom

Shops:
D:9 *   D:10 }:

Portals:
Trove: D:10 (give +3 ice dragon scales)

Annotations:
D:3 2 transporters
D:5 2 runed translucent doors, Aske's ghost, novice MiGl Gauntlet 8 transporters


Innate Abilities, Weirdness & Mutations

You have hooves in place of feet.
Armour fits poorly on your strangely shaped body.
You cover ground very quickly.
You have extremely tough skin. (AC +3)
You have a pair of small antennae on your head.
You are partially covered in slimy green scales. (AC +2)
You are partially covered in yellow scales. (AC +2)
You can translocate small distances at will.
Your mind is acute. (Int +2)


Message History

Your ring of flames is guttering out.
The minotaur hits you with the +7 war axe "Teeclao" {speed, +Blink rElec Dex-3}!
* * * LOW HITPOINT WARNING * * *
The minotaur gores you!
* * * LOW HITPOINT WARNING * * *
Unknown command.
Unknown command.
You feel much better. You block the minotaur's attack. The minotaur gores you!
You see here 2 javelins.
Unknown command.
Evoke which item? (* to show all) (? for menu, Esc to quit)
Okay, then.
Unknown command.
The minotaur is engulfed in blazing flames.
The minotaur throws a javelin.
The javelin pierces through you!
* * * LOW HITPOINT WARNING * * *
You see here a javelin.
The minotaur throws a javelin.
The javelin pierces through you!!
You die...
Xom thinks this is hilarious!

######### #.......#
#.#####.# #.# { #.#
#.# #@# #.#{ #(#
#.# #○# #.#.###○#
#.#...H.# #.#######
#.....# #####.#
#########.#########


You could see a minotaur.

Vanquished Creatures
  A reaper (Gauntlet)
  Harold (Lair:1)
  Erica (D:8)
  A two-headed ogre (D:11)
  A death drake (Gauntlet)
  A spectral wolf spider (Gauntlet)
  A spectral centaur (Gauntlet)
  A centaur zombie (Gauntlet)
  A gargoyle (D:10)
  A komodo dragon (Lair:1)
  2 hellwings (Gauntlet)
  2 guardian mummies (D:10)
  A merfolk (D:9)
  A troll (D:9)
  A hippogriff (D:7)
  Sigmund (D:3)
  2 shadows (D:11)
  A wraith (D:11)
  3 wyverns
  10 yaks
  2 vampire mosquitoes (D:10)
  3 hungry ghosts
  5 porcupines
  5 ice beasts
  3 water moccasins
  An orc warrior (D:6)
  2 sky beasts
  2 hornet zombies
  2 black bears
  A boggart (D:8)
  2 phantoms
  5 wolves (Lair:1)
  9 ogres
  3 centaurs
  A crocodile (Lair:1)
  A big kobold (D:11)
  7 bullfrogs
  2 scorpions
  2 killer bees (D:8)
  7 wights (D:10)
  6 crimson imps
  A bullfrog zombie (D:5)
  A jelly (D:6)
  6 orc priests
  2 centaur skeletons
  10 hounds
  6 orc wizards
  Ijyb (D:5)
  A bullfrog skeleton (D:9)
  4 iguanas
  7 worker ants
  2 hound skeletons (D:6)
  A howler monkey zombie (D:7)
  8 gnolls
  16 adders
  3 shadow imps
  2 oozes
  3 adder zombies
  2 adder skeletons
  3 worms
  2 dart slugs
  8 leopard geckos
  44 orcs
  9 giant cockroaches
  7 hobgoblins
  12 jackals
  10 kobolds
  4 quokkas
  A ball python (D:3)
  11 bats
  3 frilled lizards
  7 goblins
  A leopard gecko skeleton (D:9)
  A quokka skeleton (D:4)
  7 rats
311 creatures vanquished.

Vanquished Creatures (collateral kills)
  A gargoyle (D:11)
  A scorpion (D:11)
  4 orc wizards
  A gnoll shaman (D:8)
  An orc (D:11)
8 creatures vanquished.

Vanquished Creatures (others)
  A cyclops (D:11)
  A yak (D:11)
  2 centaurs
  4 orcs
  3 fungi
  3 plants
14 creatures vanquished.

Grand Total: 333 creatures vanquished

Notes
Turn   | Place    | Note
-------+----------+-------------------------------------------
     0 | D:1      | Inarius the Centaur Fighter began the quest for the Orb.
     0 | D:1      | Reached XP level 1. HP: 19/19 MP: 1/1
   318 | D:1      | Reached XP level 2. HP: 26/26 MP: 2/2
   370 | D:1      | Reached skill level 2 in Polearms
   713 | D:1      | Reached XP level 3. HP: 31/31 MP: 3/3
  1459 | D:2      | Found a blossoming altar of Fedhas.
  1576 | D:2      | Reached XP level 4. HP: 40/40 MP: 4/4
  1904 | D:3      | Noticed Sigmund
  1916 | D:3      | Reached skill level 3 in Polearms
  2058 | D:3      | Found a transporter.
  2279 | D:3      | Found a transporter.
  2296 | D:3      | Killed Sigmund
  2296 | D:3      | Reached skill level 4 in Polearms
  2296 | D:3      | Reached XP level 5. HP: 38/46 MP: 5/5
  2296 | D:3      | Reached XP level 6. HP: 43/52 MP: 6/6
  3060 | D:3      | Found an ornate altar of the Wu Jian Council.
  3350 | D:4      | Reached XP level 7. HP: 60/60 MP: 7/7
  3938 | D:4      | Reached skill level 5 in Polearms
  4349 | D:5      | Entered Level 5 of the Dungeon
  4351 | D:5      | Found a large runed translucent door.
  4352 | D:5      | Found a large runed translucent door.
  4352 | D:5      | Noticed Aske's ghost (novice MiGl)
  4512 | D:5      | Reached XP level 8. HP: 36/67 MP: 8/8
  4704 | D:5      | Reached skill level 6 in Polearms
  4909 | D:5      | Reached skill level 5 in Fighting
  5252 | D:5      | Noticed Ijyb
  5267 | D:5      | Killed Ijyb
  5679 | D:5      | Found a hazy altar of Hepliaklqana.
  5709 | D:5      | Reached skill level 7 in Polearms
  5765 | D:5      | Found a shimmering altar of Xom.
  5796 | D:5      | Became a worshipper of Xom the Fickle
  5868 | D:5      | XOM: harmless Fire miscast
  5889 | D:5      | Reached skill level 1 in Evocations
  6050 | D:6      | XOM: harmless Tloc miscast
  6080 | D:6      | XOM: divination: detect creatures
  6105 | D:6      | Reached XP level 9. HP: 52/74 MP: 10/10
  6147 | D:6      | XOM: potion effect (agility)
  6166 | D:6      | Reached skill level 8 in Polearms
  6241 | D:6      | XOM: give mutations
  6241 | D:6      | Gained mutation: You are partially covered in yellow
                  | scales. (AC +2) [Xom's grace]
  6241 | D:6      | Gained mutation: You have a pair of small antennae on your
                  | head. [Xom's grace]
  6241 | D:6      | Gained mutation: Your mind is acute. (Int +2) [Xom's grace]
  6241 | D:6      | Gained mutation: You can translocate small distances at
                  | will. [Xom's grace]
  6281 | D:6      | XOM: 5-stop teleportation journey
  6323 | D:6      | XOM: cleaving
  6625 | D:6      | XOM is BORED!
  6625 | D:6      | XOM: mild Conj miscast
  6781 | D:6      | Found an ancient bone altar of Kikubaaqudgha.
  6783 | D:6      | Found an opulent altar of Gozag.
  6969 | D:6      | Found an iron altar of Okawaru.
  7108 | D:7      | Found a staircase to the Ecumenical Temple.
  7142 | D:7      | XOM: harmless Summ miscast
  7165 | D:7      | Found a sacrificial altar of Ru.
  7207 | D:7      | Got a shimmering lead amulet
  7228 | D:7      | XOM: cloud trail
  7357 | D:7      | XOM: god gift: potion of brilliance
  7361 | D:7      | Identified the amulet "Haefibb" {Reflect rPois rF+ Dex-4
                  | SH+5} (You found it on level 7 of the Dungeon)
  7382 | D:7      | Found a burning altar of Makhleb.
  7423 | D:8      | XOM: stealth player
  7425 | D:8      | XOM: smoke on damage
  7432 | D:8      | XOM: divination: detect creatures
  7433 | D:8      | XOM: summons 4 friendly demons
  7450 | D:8      | XOM: mild Air miscast
  8225 | D:8      | XOM: 1-stop teleportation journey
  8274 | D:8      | Reached skill level 9 in Polearms
  8594 | D:7      | XOM: god gift: wide leatherbound book {god gift}
  8723 | D:6      | Found a hide-covered altar of Uskayaw.
  8813 | D:8      | XOM: noise
  8851 | D:8      | Noticed Erica
  8852 | D:8      | XOM: divination: detect creatures
  8853 | D:8      | XOM: scenery: create altars
  8862 | D:8      | Killed Erica
  8862 | D:8      | Reached XP level 10. HP: 84/84 MP: 12/12
  9111 | D:8      | XOM: scenery: create altars
  9153 | D:9      | Noticed a two-headed ogre
  9158 | D:9      | a two-headed ogre changed into a merfolk
  9158 | D:9      | XOM: polymorph two-headed ogre -> merfolk
  9180 | D:9      | XOM: cleaving
  9377 | D:8      | XOM: god gift: wand of scattershot (6)
  9477 | D:9      | Reached skill level 5 in Shields
  9610 | D:9      | XOM: 2-stop teleportation journey
  9619 | D:9      | XOM: 3-stop teleportation journey
  9698 | D:9      | XOM: harmless Fire miscast
  9767 | D:9      | XOM: harmless Tloc miscast
  9812 | D:9      | Found Naont's General Store.
  9820 | D:9      | Bought a scroll of identify for 26 gold pieces
  9820 | D:9      | Bought a scroll of blinking for 97 gold pieces
  9932 | D:9      | XOM: enchant monster (good)
  9938 | D:9      | Reached skill level 10 in Polearms
 10150 | D:9      | XOM: divination: detect creatures
 10293 | D:10     | Entered Level 10 of the Dungeon
 10303 | D:10     | XOM: potion effect (invisibility)
 10305 | D:10     | XOM: potion effect (brilliance)
 10389 | D:10     | XOM: divination: detect creatures
 10430 | D:10     | Reached skill level 1 in Stealth
 10493 | D:10     | Found a portal to a secret trove of treasure.
 10567 | D:10     | Noticed Psyche
 10573 | D:10     | Noticed Psyche
 10573 | D:10     | Psyche changed into Psyche the tengu
 10577 | D:10     | Noticed Psyche
 10577 | D:10     | Psyche the tengu changed into Psyche the wyvern
 10589 | D:10     | Killed Psyche the wyvern
 10589 | D:10     | Reached XP level 11. HP: 70/92 MP: 14/14
 10697 | D:10     | Found Neyned's Book Shoppe.
 10835 | D:10     | Found Laphanui's Gadget Boutique.
 11021 | D:11     | XOM: cast spell 'Shadow Creatures'
 11121 | D:11     | Reached skill level 11 in Polearms
 11243 | D:11     | XOM: noise
 11244 | D:11     | XOM: blink monster(s)
 11320 | D:11     | XOM: confusion (+ monsters)
 11321 | D:11     | XOM: summons friendly white imp
 11323 | D:11     | XOM: summons 11 friendly demons
 11344 | D:11     | Found a staircase to the Lair.
 11371 | D:11     | Reached skill level 5 in Evocations
 11386 | D:11     | Noticed a two-headed ogre
 11393 | D:11     | XOM: divination: magic mapping
 11412 | D:11     | XOM: summons 3 friendly demons
 11420 | D:11     | Killed a two-headed ogre
 11424 | D:11     | XOM: destruction
 11445 | D:11     | XOM: mild Chrm miscast
 11620 | D:11     | XOM: give mutation
 11620 | D:11     | Gained mutation: You are partially covered in slimy green
                  | scales. (AC +2) [Xom's mischief]
 11774 | Lair:1   | Entered Level 1 of the Lair of Beasts
 11779 | Lair:1   | XOM: enchant monster (bad)
 11898 | Lair:1   | Noticed Harold
 11937 | Lair:1   | Killed Harold
 11964 | Lair:1   | XOM: harmless Tloc miscast
 12480 | Lair:1   | XOM: divination: detect items
 12751 | Lair:2   | Found a gate leading to a gauntlet.
 12757 | Gauntlet | Entered a Gauntlet
 12757 | Gauntlet | Found a transporter.
 12757 | Gauntlet | Found a transporter.
 12757 | Gauntlet | Noticed a queen ant
 12758 | Gauntlet | Found a transporter.
 12758 | Gauntlet | Found a transporter.
 12761 | Gauntlet | Found a transporter.
 12770 | Gauntlet | Noticed a death ooze
 12771 | Gauntlet | Found a transporter.
 12785 | Gauntlet | Found a transporter.
 12793 | Gauntlet | Found a transporter.
 12811 | Gauntlet | Found a transporter.
 12819 | Gauntlet | Found a transporter.
 12819 | Gauntlet | Noticed a shining eye
 12837 | Gauntlet | Found a transporter.
 12862 | Gauntlet | Noticed a reaper
 12888 | Gauntlet | Noticed a death drake
 12889 | Gauntlet | Found a transporter.
 12976 | Gauntlet | XOM: butterfly on damage
 12990 | Gauntlet | Killed a reaper
 12990 | Gauntlet | Reached skill level 12 in Polearms
 13036 | Gauntlet | XOM: silly message
 13051 | Gauntlet | Reached XP level 12. HP: 61/103 MP: 16/16
 13070 | Gauntlet | Got a faintly glowing pewter ring
 13072 | Gauntlet | Identified the ring "Qucsoig" {rElec rF- rC- Str+6 Dex+5}
                  | (You found it in a Gauntlet)
 13142 | Gauntlet | Got a warped cloak
 13153 | Gauntlet | XOM: enchant monster (good)
 13252 | Gauntlet | Identified the +7 war axe "Teeclao" {speed, +Blink rElec
                  | Dex-3}
 13252 | Gauntlet | Noticed a minotaur
 13271 | Gauntlet | XOM: cast spell 'Ring of Flames'
 13277 | Gauntlet | Hit by a javelin thrown by a minotaur

Levels and vault maps discovered:
D:1:      minmay_arrival_up_and_down, layout_basic
D:2:      layout_basic, palyth_stone_intersect, fedhas_ov_isle_minmay
D:3:      gammafunk_steamed_eel, layout_basic, overflow_temple_1_default,
          first_ration, uniq_sigmund
D:4:      layout_cave_pools
D:5:      layout_basic, overflow_temple_1_default, ebering_ghost_disaster_area,
          led_xom_imps, uniq_ijyb
D:6:      layout_loops_ring, nicolae_overflow_hidden_temple
D:7:      layout_basic, lemuel_crystal_altar, minmay_temple_entry_hall,
          serial_glass, glass_columns_b, glass_columns_b, glass_columns_b,
          glass_columns_b, grunt_decor_mini_mirrors, grunt_ogre_cave,
          bloody_makhleb
D:8:      layout_loops_ring, uniq_erica
D:9:      layout_irregular_city, serial_shops, shop
D:10:     layout_basic, serial_shops, shop, nicolae_shop_statue_plus,
          nicolae_trove_entry_path_of_doom, uniq_psyche
D:11:     layout_cave_pools, dpeg_oklobed_lair
Lair:1:   statuecave_lemuel, layout_gridlike, chequers_serial_rivers_micro_d,
          uniq_harold
Lair:2:   layout_regular_city, gauntlet_entry_generic, serial_bayou_pond_e,
          infiniplex_staircase_pool
Gauntlet: gammafunk_gauntlet_shortcut [nicolae_gauntlet_arena_blocks,
          gammafunk_gauntlet_arena_grid, nicolae_gauntlet_arena_quarters,
          gammafunk_gauntlet_arena_split_diamond,
          gammafunk_gauntlet_arena_mazey, nicolae_gauntlet_arena_flowing_pool,
          gauntlet_exit_spiral]

Skill      XL: |  1  2  3  4  5  6  7  8  9 10 11 12 |
---------------+-------------------------------------+-----
Polearms       | 2 4 5 7 9 10 12 | 12.2
Fighting       | 4 5 6 7 8 9 |  9.2
Armour         | 3 4 |  4.9
Shields        | 3 4 5 6 |  6.3
Evocations     | 1 3 4 5 |  5.7
Stealth        | 1 2 |  2.2
Dodging        | |  0.9

Action                   |  1- 3 |  4- 6 |  7- 9 | 10-12 || total
-------------------------+-------+-------+-------+-------++-------
Melee: Trident           |   139 |   175 |   542 |   164 ||  1020
       Kick              |    16 |    44 |   125 |   188 ||   373
       Spear             |       |       |       |   481 ||   481
Evoke: Wand              |       |       |     8 |    11 ||    19
  Use: Potion            |       |     1 |       |     6 ||     7
       Scroll            |       |       |    15 |     5 ||    20
 Stab: Invisible         |       |       |       |    17 ||    17
       Distracted        |       |       |       |     1 ||     1
       Petrifying        |       |       |       |     2 ||     2
  Eat: Chunk             |     1 |     6 |    17 |    13 ||    37
Armor: Scale mail        |    68 |    65 |       |       ||   133
       Chain mail        |       |    27 |   220 |    20 ||   267
       Troll leather arm |       |       |       |    59 ||    59
       Skin              |       |       |       |     1 ||     1
Dodge: Dodged            |    33 |    27 |    68 |    73 ||   201
Block: Shield            |    52 |    98 |   248 |   224 ||   622
       Reflection        |       |       |     1 |    14 ||    15

Table legend:
 A = Non-vault XP
 B = Vault XP
 C = Vault XP percentage of total XP
 D = Non-vault monster count
 E = Vault monster count
 F = Vault count percentage of total count
                 A         B        C        D         E       F
            +---------+---------+-------+---------+---------+-------
      Total |   16520 |    7855 |  32.2 |     303 |      20 |   6.2
            +---------+---------+-------+---------+---------+-------
        D:1 |      73 |       0 |   0.0 |      35 |       0 |   0.0
        D:2 |      78 |       0 |   0.0 |      15 |       0 |   0.0
        D:3 |     267 |     227 |  46.0 |      34 |       1 |   2.9
        D:4 |     563 |       0 |   0.0 |      23 |       0 |   0.0
        D:5 |    1035 |     189 |  15.4 |      22 |       4 |  15.4
        D:6 |    1520 |       0 |   0.0 |      33 |       0 |   0.0
        D:7 |     410 |     116 |  22.1 |       7 |       1 |  12.5
        D:8 |     935 |     929 |  49.8 |      34 |       1 |   2.9
        D:9 |    1987 |       0 |   0.0 |      22 |       0 |   0.0
       D:10 |    2790 |     859 |  23.5 |      25 |       3 |  10.7
       D:11 |    4634 |       0 |   0.0 |      37 |       0 |   0.0
     Lair:1 |    2083 |     950 |  31.3 |      15 |       1 |   6.2
     Lair:2 |     145 |       0 |   0.0 |       1 |       0 |   0.0
   Gauntlet |       0 |    4585 | 100.0 |       0 |       9 | 100.0
            +---------+---------+-------+---------+---------+-------
